 Dungeon Crawl Stone Soup version 0.17-a0-1394-gde347b4 (webtiles) character file.

21 pyrostar991 the Grave Robber (level 3, -19/25 HPs)
             Began as a Human Necromancer on June 16, 2015.
             Demolished by tsk's ghost (20 damage)
             ... on level 3 of the Dungeon.
             The game lasted 00:08:46 (889 turns).

pyrostar991 the Grave Robber (Human Necromancer)     Turns: 889, Time: 00:08:46

Health: -19/25     AC:  2    Str:  8    XL:     3   Next: 5%
Magic:  5/6        EV: 12    Int: 16    God:
Gold:   39         SH:  0    Dex: 13    Spells: 3 memorised, 1 level left

rFire  . . .     SeeInvis .     o - +0 rapier
rCold  . . .     Clarity  .     a - +0 robe
rNeg   . . .     SustAt   .     (no shield)
rPois  .         Gourm    .     (no helmet)
rElec  .         Spirit   .     (no cloak)
rCorr  .         Warding  .     (no gloves)
rMut   .         Stasis   .     (no boots)
MR     .....                    (no amulet)
Stlth  ++........               (no ring)
                                (no ring)

@: not resistant to hostile enchantments, unstealthy
A: no striking features
a: no special abilities


You were on level 3 of the Dungeon.
You were not hungry.

You visited 1 branch of the dungeon, and saw 3 of its levels.

You collected 39 gold pieces.

Inventory:

Hand weapons
 g - a +0 dagger
 k - a cursed +0 club
 l - a +0 mace
 n - a +0 dagger
 o - a +0 rapier (weapon)
 s - a cursed -3 club
Missiles
 m - 19 bolts
 r - 23 sling bullets
Armour
 a - a +0 robe (worn)
 e - a +0 robe
 j - a +0 leather armour
 q - a cursed +0 leather armour
Jewellery
 p - an uncursed ring of sustain attributes {unknown}
Scrolls
 h - a scroll of remove curse {unknown}
 i - a scroll of fog {unknown}
 u - a scroll of blinking {unknown}
Potions
 d - a potion of might {unknown}
Books
 b - a book of Necromancy

   Spells                             Type                      Level
   a - Pain                           Necromancy                   1
   b - Animate Skeleton               Necromancy                   1
   c - Vampiric Draining              Necromancy                   3
   d - Regeneration                   Charms/Necromancy            3
   e - Animate Dead                   Necromancy                   4
   f - Control Undead                 Necromancy                   4
Comestibles
 c - 2 bread rations
 f - a meat ration
 t - a chunk of flesh


   Skills:
 + Level 0.4 Fighting
 + Level 2.2 Dodging
 + Level 2.2 Stealth
 + Level 2.1 Spellcasting
 + Level 4.3 Necromancy


You had one spell level left.
You knew the following spells:

 Your Spells              Type           Power        Failure   Level  Hunger
a - Pain                  Necr           ###.         4%          1    #......
b - Animate Skeleton      Necr           N/A          4%          1    #......
c - Vampiric Draining     Necr           ###.......   12%         3    ###....


Dungeon Overview and Level Annotations

Branches:
Dungeon (3/15)

Altars:

Annotations:
D:3 tsk's ghost, average VSSk


Message History

The bat convulses in agony!
You kill the bat!
Casting: Pain
Confirm with . or Enter, or press ? or * to list all spells.
You can't see any susceptible monsters within range! (Use Z to cast anyway.)
A hobgoblin comes into view.
The hobgoblin shouts!
You hit tsk's ghost.
Tsk's ghost is lightly damaged.
Tsk's ghost barely misses you.
A giant cockroach comes into view.
You barely miss tsk's ghost.
Tsk's ghost is lightly damaged.
Tsk's ghost hits you.
You are electrocuted!
* * * LOW HITPOINT WARNING * * *
Tsk's ghost hits you.
* * * LOW HITPOINT WARNING * * *
You are electrocuted!
Ouch! That really hurt!
You die...

.. #.# #.. #..
#..##
#...########
######..........
........@W..g..#
#######.<#...#s.
................
#######.###.#...
#.. .... ### ...
.. #


You could see tsk's ghost, a giant cockroach (wandering) and a hobgoblin.

Vanquished Creatures
  A giant gecko (D:1)
  5 bats
  A giant cockroach (D:2)
  3 hobgoblins
  4 giant newts
  A goblin (D:2)
  2 kobolds (D:1)
  5 rats
22 creatures vanquished.

Notes
Turn   | Place    | Note
--------------------------------------------------------------
     0 | D:1      | pyrostar991 the Human Necromancer began the quest for the Orb.
     0 | D:1      | Reached XP level 1. HP: 13/13 MP: 3/3
   148 | D:1      | Reached XP level 2. HP: 2/19 MP: 1/5
   747 | D:1      | Reached XP level 3. HP: 12/24 MP: 3/6
   750 | D:1      | Learned a level 1 spell: Animate Skeleton
   754 | D:1      | Learned a level 3 spell: Vampiric Draining
   883 | D:3      | Noticed tsk's ghost (average VSSk)
   889 | D:3      | HP: 1/25 [tsk's ghost (5)]
   889 | D:3      | Demolished by tsk's ghost

Vault maps used:
D:1:      dpeg_arrival_tiny_f
D:2:      kennysheep_generic_room_7
D:3:      first_bread, minmay_misc_feat_iff

Action                   || total
-------------------------++-------
Melee: Unarmed           ||    11
       Dagger            ||     1
       Rapier            ||     2
 Cast: Pain              ||    30
       Animate Skeleton  ||     1
